 Dungeon Sprint DCSS version 0.20.1-1-g8b1a95d (webtiles) character file.

1843 Faraday the Fighter (level 9, -6/166 HPs)
             Began as an Ogre Berserker on July 25, 2017.
             Was an Elder of Trog.
             Mangled by a demonic crawler (9 damage)
             ... in the Dungeon (Sprint I: "Red Sonja").
             The game lasted 00:11:42 (570 turns).

Faraday the Fighter (Ogre Berserker)                 Turns: 570, Time: 00:11:43

Health: -6/166     AC:  5    Str: 28    XL:     9   Next: 12%
Magic:  9/9        EV: 14    Int:  8    God:    Trog [****..]
Gold:   439        SH:  0    Dex: 11    Spells: 8/8 levels left

rFire    . . .     SeeInvis .   j - +0 giant club
rCold    . . .     Gourm    .   (shield currently unavailable)
rNeg     . . .     Faith    .   l - +2 robe
rPois    .         Spirit   .   (helmet restricted)
rElec    .         Reflect  .   (no cloak)
rCorr    .         Harm     .   (gloves unavailable)
MR       .....     NoTele   +   (boots unavailable)
Stlth    ..........             (no amulet)
Regen    0.4/turn               (no ring)
MPRegen  0.2/turn               (no ring)

@: berserking (expiring), very quick
A: unfitting armour, tough skin 1
a: Berserk, Trog's Hand, Brothers in Arms, Burn Spellbooks, Renounce Religion


You were in the Dungeon.
You worshipped Trog.
Trog was greatly pleased with you.
You were not hungry.

You visited 1 branch You collected 439 gold pieces.

Inventory:

Hand Weapons
 a - a +0 mace
 j - a +0 giant club (weapon)
Armour
 b - a +0 animal skin
 l - a +2 robe (worn)
Scrolls
 i - a scroll of blinking
Potions
 d - a potion of curing
 e - a potion of heal wounds
 f - a potion of haste
 g - 2 potions of magic
 h - a potion of berserk rage


   Skills:
 + Level 13.8 Fighting
 * Level 12.3 Maces & Flails
 + Level 10.0 Dodging


You had 8 spell levels left.
You didn't know any spells.

Dungeon Overview and Level Annotations

Branches:
Dungeon (1/1)

Altars:
Cheibriados
Dithmenos
Elyvilon
Fedhas
Gozag
Hepliaklqana
Kikubaaqudgha
Makhleb
Nemelex Xobeh
Okawaru
Qazlal
Ru
Sif Muna
Trog
Uskayaw
Vehumet
Xom
Yredelemnul
Zin
The Shining One
Jiyva
Lugonu

Shops:
D [


Innate Abilities, Weirdness & Mutations

You are too large for most types of armour.
You have tough skin. (AC +1)


Message History

The demonic crawler hits you!
* * * LOW HITPOINT WARNING * * *
The demonic crawler hits you.
* * * LOW HITPOINT WARNING * * *
The demonic crawler hits you!
* * * LOW HITPOINT WARNING * * *
The demonic crawler hits you but does no damage.
The demonic crawler hits you.
* * * LOW HITPOINT WARNING * * *
You sock the demonic crawler!
You kill the demonic crawler!
Trog accepts your kill.
Your Dodging skill increases to level 10!
You have reached level 9!
Your experience leads to an increase in your attributes!
Your base attributes are Str 22, Int 8, Dex 10.
Increase (S)trength, (I)ntelligence, or (D)exterity?
You feel agile.
You feel stronger. The demonic crawler closely misses you.
The demonic crawler hits you!
You die...

##################
.#..'..#__#..')..#
.').#..'..'..#).@#
'#####'#__####...s..#
.#...#[#### #####..+
##..##.# +## _##'#..+
..'..._# _##_.#'#
_###+#.# ## ###


You could see a demonic crawler.

Vanquished Creatures
  2 kobold demonologists (D)
  3 demonic crawlers (D)
  A slime creature (D)
  Sigmund (D)
  A yak (D)
  A floating eye (D)
  An ogre (D)
  A jelly (D)
  Ijyb (D)
12 creatures vanquished.

Notes
Turn   | Place    | Note
-------+----------+-------------------------------------------
     0 | D        | Faraday the Ogre Berserker began the quest for the Orb.
     0 | D        | Reached XP level 1. HP: 24/24 MP: 1/1
     1 | D        | Noticed Ijyb
     5 | D        | Killed Ijyb
     5 | D        | Reached skill level 6 in Fighting
     5 | D        | Reached XP level 2. HP: 36/36 MP: 2/2
     5 | D        | Reached XP level 3. HP: 44/44 MP: 3/3
    50 | D        | Noticed an ogre
    54 | D        | Killed an ogre
    54 | D        | Reached skill level 8 in Fighting
    54 | D        | Reached skill level 5 in Maces & Flails
    54 | D        | Reached skill level 5 in Dodging
    54 | D        | Reached XP level 4. HP: 57/57 MP: 4/4
   100 | D        | Noticed Sigmund
   110 | D        | Killed Sigmund
   110 | D        | Reached ** piety under Trog
   110 | D        | Reached skill level 10 in Fighting
   110 | D        | Reached XP level 5. HP: 68/68 MP: 5/5
   110 | D        | Reached XP level 6. HP: 78/78 MP: 6/6
   274 | D        | Found a burning altar of Makhleb.
   274 | D        | Found a viscous altar of Jiyva.
   274 | D        | Found a shimmering altar of Xom.
   274 | D        | Found a corrupted altar of Lugonu.
   274 | D        | Noticed a slime creature
   278 | D        | Killed a slime creature
   278 | D        | Reached skill level 11 in Fighting
   278 | D        | Reached XP level 7. HP: 88/88 MP: 7/7
   309 | D        | Found a deep blue altar of Sif Muna.
   311 | D        | Found a radiant altar of Vehumet.
   339 | D        | Found Ycipsoun's Armour Emporium.
   339 | D        | Found an ancient bone altar of Kikubaaqudgha.
   339 | D        | Found a hazy altar of Hepliaklqana.
   339 | D        | Found a stormy altar of Qazlal.
   339 | D        | Found a hide-covered altar of Uskayaw.
   339 | D        | Found a blossoming altar of Fedhas.
   339 | D        | Found a bloodstained altar of Trog.
   339 | D        | Found an iron altar of Okawaru.
   339 | D        | Found a basalt altar of Yredelemnul.
   339 | D        | Found a glowing golden altar of the Shining One.
   339 | D        | Found a snail-covered altar of Cheibriados.
   339 | D        | Found a sacrificial altar of Ru.
   339 | D        | Found a glowing silver altar of Zin.
   339 | D        | Found a shadowy altar of Dithmenos.
   339 | D        | Found a white marble altar of Elyvilon.
   339 | D        | Noticed a yak
   341 | D        | Killed a yak
   341 | D        | Reached *** piety under Trog
   342 | D        | Found an opulent altar of Gozag.
   343 | D        | Found a sparkling altar of Nemelex Xobeh.
   411 | D        | Noticed a kobold demonologist
   412 | D        | Noticed a sixfirhy
   413 | D        | Noticed a kobold demonologist
   413 | D        | Reached skill level 12 in Fighting
   413 | D        | Reached skill level 10 in Maces & Flails
   420 | D        | Killed a kobold demonologist
   420 | D        | Reached XP level 8. HP: 101/101 MP: 8/8
   424 | D        | Killed a kobold demonologist
   424 | D        | Reached **** piety under Trog
   424 | D        | Reached skill level 13 in Fighting
   554 | D        | Noticed a demonic crawler
   554 | D        | Noticed a demonic crawler
   554 | D        | Noticed a demonic crawler
   554 | D        | Noticed a demonic crawler
   560 | D        | Killed a demonic crawler
   564 | D        | Killed a demonic crawler
   564 | D        | Received a gift from Trog
   569 | D        | HP: 3/153 [demonic crawler (6)]
   570 | D        | Killed a demonic crawler
   570 | D        | Reached skill level 10 in Dodging
   570 | D        | Reached XP level 9. HP: 3/111 MP: 9/9
   570 | D        | Mangled by a demonic crawler

Skill      XL: |  1  2  3  4  5  6  7  8 |
---------------+-------------------------+-----
Fighting       | 6 8 10 11 12 13 | 13.8
Maces & Flails | 4 5 7 8 10 12 | 12.3
Dodging        | 4 5 6 7 9 10 | 10.0

Action                   |  1- 3 |  4- 6 |  7- 9 || total
-------------------------+-------+-------+-------++-------
Melee: Mace              |     6 |       |       ||     6
       Giant club        |       |     8 |    30 ||    38
Invok: Berserk           |     2 |     2 |     3 ||     7
       Brothers in Arms  |       |       |     1 ||     1
  Eat: Chunk             |       |     1 |     1 ||     2
       Bread ration      |       |       |     1 ||     1
Armor: Robe              |       |       |     2 ||     2
Dodge: Dodged            |       |     2 |    15 ||    17
